 Dungeon Crawl Stone Soup version 0.17-a0-1887-g3e50df6 (webtiles) character file.

73 dpvblackbelt the Sneak (level 4, -4/38 HPs)
             Began as a Naga Transmuter on Sept 24, 2015.
             Slain by dpvblackbelt's ghost (9 damage)
             ... on level 3 of the Dungeon.
             The game lasted 00:11:21 (2866 turns).

dpvblackbelt the Sneak (Naga Transmuter)            Turns: 2866, Time: 00:11:22

Health: -4/38      AC:  2    Str: 12      XL:     4   Next: 27%
Magic:  5/7        EV: 10    Int: 14      God:
Gold:   68         SH:  0    Dex: 11 (14) Spells: 2 memorised, 3 levels left

rFire  . . .     SeeInvis +     g - +2 dagger (drain)
rCold  + . .     Clarity  .     b - +0 robe
rNeg   . . .     SustAt   .     (no shield)
rPois  +         Gourm    .     (helmet restricted)
rElec  .         Spirit   .     (no cloak)
rCorr  .         Warding  .     (no gloves)
rMut   .         Stasis   .     (no barding)
MR     .....                    (no amulet)
Stlth  +++.......               (no ring)
                                o - ring of wizardry {Wiz+, !d}

@: starving, slowed, very slow, not resistant to hostile enchantments, fairly
stealthy
A: horns 1, see invisible, agile 1, cold resistance 1, deformed body, poison
resistance, slowness 2, slow metabolism 1, spit poison 2, AC +1
a: Spit Poison


You were on level 3 of the Dungeon.
You were starving.

You visited 1 branch of the dungeon, and saw 5 of its levels.

You collected 68 gold pieces.

Inventory:

Hand weapons
 g - a +2 dagger of draining (weapon)
   (You took it off a kobold on level 1 of the Dungeon)
Missiles
 a - 62 arrows
Armour
 b - a +0 robe (worn)
Jewellery
 o - a ring of wizardry (left hand) {Wiz+, !d}
   (You found it on level 1 of the Dungeon)
 p - an uncursed ring of ice {rC+, rF-}
   (You found it on level 2 of the Dungeon)
Scrolls
 f - a scroll of teleportation {unknown}
 k - a scroll of amnesia
Books
 c - a book of Changes
Comestibles
 d - a bread ration {@e1@e1}
 n - a meat ration {@e2@e2}


   Skills:
 - Level 1.0 Fighting
 - Level 1.5 Dodging
 - Level 4.6 Stealth
 - Level 3.0 Unarmed Combat
 - Level 2.0 Spellcasting
 - Level 2.0 Transmutations
 + Level 2.9 Poison Magic


You had 3 spell levels left.
You knew the following spells:

 Your Spells              Type           Power        Failure   Level  Hunger
a - Beastly Appendage     Trmt           #.....       4%          1    ##.....
c - Spider Form           Trmt/Pois      #.........   12%         3    ####...


Dungeon Overview and Level Annotations

Branches:
Dungeon (5/15)
 Temple: D:4-7

Altars:
Makhleb

Annotations:
D:3 dpvblackbelt's ghost, weakling CeAM
D:4 DizzySkin's ghost, experienced CeFi; Robin


Innate Abilities, Weirdness & Mutations

You cannot wear boots.
Your serpentine skin is tough (AC +1).
You have supernaturally acute eyesight.
Armour fits poorly on your strangely shaped body.
Your system is resistant to poisons.
You cover ground very slowly.
You have a slow metabolism.
You can spit poison.
You have a pair of small horns on your head.
You are agile. (Dex +2)
Your flesh is cold resistant.


Message History

Health restored: 38; MP restored: 7
There is a stone staircase leading down, spattered with blood here.
There isn't anything here!
f - a scroll labeled JODGHU MELUSHRO You now have 55 gold pieces (gained 17).
You now have 68 gold pieces (gained 13).
a - 62 arrows (gained 26) Dpvblackbelt's ghost (weakling Centaur Arcane Marksman) comes into view.
Dpvblackbelt's ghost turns its malevolent gaze towards you.
Dpvblackbelt's ghost shrieks, "What do you have that I didn't have?"
Dpvblackbelt's ghost points at you and mumbles some strange words.
You resist with some effort.
Dpvblackbelt's ghost gestures at you while chanting.
You are outlined in light.
Dpvblackbelt's ghost hits you. x2
You take 6 damage, and have 32/38 hp.
You closely miss dpvblackbelt's ghost.
Your headbutt misses dpvblackbelt's ghost.
Dpvblackbelt's ghost hits you!
You take 8 damage, and have 24/38 hp.
MASSIVE DAMAGE!!
You hit dpvblackbelt's ghost but do no damage.
Dpvblackbelt's ghost closely misses you.
You hit dpvblackbelt's ghost.
Your headbutt misses dpvblackbelt's ghost.
Dpvblackbelt's ghost hits you.
You take 3 damage, and have 21/38 hp.
You hit dpvblackbelt's ghost but do no damage.
Dpvblackbelt's ghost closely misses you.
An adder comes into view.
You hit dpvblackbelt's ghost.
Dpvblackbelt's ghost casts a spell at you.
You feel yourself slow down.
You hit dpvblackbelt's ghost but do no damage.
Your headbutt misses dpvblackbelt's ghost.
Dpvblackbelt's ghost barely misses you.
You hit dpvblackbelt's ghost.
Your headbutt misses dpvblackbelt's ghost.
Dpvblackbelt's ghost hits you! Dpvblackbelt's ghost hits you.
* * * LOW HITPOINT WARNING * * *
You take 10 damage, and have 11/38 hp.
MASSIVE DAMAGE!!
Drink which item? (? for menu, Esc to quit)
It was a potion of heal wounds.
You feel much better.
Dpvblackbelt's ghost completely misses you.
The adder bites you.
You regained 11 hp, and now have 22/38 hp.
You turn into a venomous arachnid creature.
Your +2 dagger of draining melds into your body.
Your +0 robe melds into your body.
Dpvblackbelt's ghost hits you. The adder barely misses you.
Dpvblackbelt's ghost completely misses you.
You take 1 damage, and have 21/38 hp.
You now have 4/7 mp.
You hit the adder.
The adder is poisoned.
You are no longer glowing.
The adder completely misses you. The adder bites you.
You are poisoned.
The adder poisons you!
Dpvblackbelt's ghost completely misses you.
You take 1 damage, and have 20/38 hp.
You closely miss the adder.
Your transformation is almost over.
You feel sick. The adder bites you.
You are lethally poisoned!
The adder poisons you! Dpvblackbelt's ghost hits you!
* * * LOW HITPOINT WARNING * * *
The adder closely misses you.
Dpvblackbelt's ghost casts a spell at you.
You resist with some effort.
You take 11 damage, and have 9/38 hp.
MASSIVE DAMAGE!!
You bite the adder!
You kill the adder!
* * * LOW HITPOINT WARNING * * *
You feel sick.
Dpvblackbelt's ghost closely misses you.
You take 2 damage, and have 7/38 hp.
Drink which item? (? for menu, Esc to quit)
You feel better.
Dpvblackbelt's ghost points at you and mumbles some strange words.
You resist with some effort.
You regained 6 hp, and now have 13/38 hp.
You hit dpvblackbelt's ghost.
Dpvblackbelt's ghost closely misses you.
Dpvblackbelt's ghost hits you!
* * * LOW HITPOINT WARNING * * *
You take 8 damage, and have 5/38 hp.
MASSIVE DAMAGE!!
You hit dpvblackbelt's ghost.
Dpvblackbelt's ghost completely misses you.
You hit dpvblackbelt's ghost but do no damage.
Dpvblackbelt's ghost casts a spell at you.
You resist with some effort. Dpvblackbelt's ghost misses you.
You hit dpvblackbelt's ghost but do no damage.
Your transformation has ended.
Your +2 dagger of draining unmelds from your body.
Your +0 robe unmelds from your body.
You sense an unholy aura.
You are starving!
Dpvblackbelt's ghost hits you!
You die...

#..####.......#
#..#....#...### #.
#.##.#....### #.#
#.##.#.#### ##.# ##.##.#.#
#..###..##...#
##............##
##..............##
#...........@....#
#..........W.....#
####................#
#...................#
#.##......>.........#
#..............(.#
...................#######
...........##.....##.....##
...........................


You could see dpvblackbelt's ghost.

Vanquished Creatures
  A hound skeleton (D:4)
  2 adders (D:3)
  3 giant geckos
  A giant cockroach (D:1)
  4 hobgoblins (D:1)
  3 jackals
  6 kobolds
  7 bats (D:1)
  3 giant newts (D:1)
  5 goblins
  A quokka (D:4)
  2 rats (D:1)
38 creatures vanquished.

Notes
Turn   | Place    | Note
--------------------------------------------------------------
     0 | D:1      | dpvblackbelt the Naga Transmuter began the quest for the Orb.
     0 | D:1      | Reached XP level 1. HP: 18/18 MP: 3/3
    82 | D:1      | Reached skill level 1 in Stealth
   218 | D:1      | Reached skill level 2 in Stealth
   607 | D:1      | Reached XP level 2. HP: 13/25 MP: 5/5
   853 | D:1      | Reached skill level 3 in Stealth
   865 | D:1      | HP: 6/25 [giant newt (1)]
  1389 | D:1      | Reached skill level 4 in Stealth
  1486 | D:1      | Reached XP level 3. HP: 16/31 MP: 6/6
  2131 | D:2      | You fall through a shaft for 2 floors!
  2182 | D:4      | Learned a level 3 spell: Spider Form
  2208 | D:4      | Noticed DizzySkin's ghost (experienced CeFi)
  2226 | D:4      | Noticed Robin
  2233 | D:5      | Entered Level 5 of the Dungeon
  2236 | D:5      | Gained mutation: You have a pair of small horns on your head. [potion of mutation]
  2236 | D:5      | Gained mutation: You are agile. (Dex +2) [potion of mutation]
  2236 | D:5      | Gained mutation: Your flesh is cold resistant. [potion of mutation]
  2241 | D:5      | HP: 6/31 [goblin/dagger[Robin] (4)]
  2520 | D:5      | Noticed a phantom
  2587 | D:4      | Reached skill level 1 in Poison Magic
  2614 | D:4      | Reached skill level 2 in Poison Magic
  2705 | D:4      | Found a burning altar of Makhleb.
  2783 | D:3      | Reached XP level 4. HP: 38/38 MP: 7/7
  2844 | D:3      | Noticed dpvblackbelt's ghost (weakling CeAM)
  2860 | D:3      | HP: 9/38 [dpvblackbelt's ghost (7)]
  2866 | D:3      | Slain by dpvblackbelt's ghost

Vault maps used:
D:1:      dpeg_arrival_three_bigger_balls, serial_bayou_pond_e
D:2:      first_bread, serial_glass, glass_columns_a, glass_columns_b
D:3:      kennysheep_the_goblin_king, bloody_trog, corexii_corridor_pit
D:4:      lemuel_castle_with_subvaults, lightli_temple_of_fire,
          minmay_item_behind_shaft, feat_on_display, uniq_robin,
          uniq_blork_the_orc
D:5:      uniq_sigmund

Action                   |  1- 3 |  4- 6 || total
-------------------------+-------+-------++-------
Melee: Unarmed           |    23 |     7 ||    30
       Dagger            |   109 |     7 ||   116
 Cast: Beastly Appendage |     2 |       ||     2
       Spider Form       |     2 |     1 ||     3
 Abil: Spit Poison       |     5 |       ||     5
  Use: Scroll            |     4 |       ||     4
       Potion            |     3 |     2 ||     5
 Stab: Sleeping          |     5 |       ||     5
  Eat: Chunk             |     3 |       ||     3

Vault maps used:
D:1:      dpeg_arrival_three_bigger_balls, serial_bayou_pond_e
D:2:      first_bread, serial_glass, glass_columns_a, glass_columns_b
D:3:      kennysheep_the_goblin_king, bloody_trog, corexii_corridor_pit
D:4:      lemuel_castle_with_subvaults, lightli_temple_of_fire,
          minmay_item_behind_shaft, feat_on_display, uniq_robin,
          uniq_blork_the_orc
D:5:      uniq_sigmund

Table legend:
 A = Turns spent in this place as a percentage of turns spent in the entire game.
 B = Non-inter-level travel turns spent in this place as a percentage of non-inter-level travel turns spent in the entire game.
 C = Inter-level travel turns spent in this place as a percentage of turns spent in this place.
 D = Turns resting spent in this place as a percentage of non-inter-level travel turns spent in this place.
 E = Turns spent auto-exploring this place as a percentage of non-inter-level travel turns spent in this place.
 F = Non-inter-level travel turns spent in this place divided by the number of levels of this place that you've seen.
                   A       B       C       D       E      F
               +-------+-------+-------+-------+-------+----------------------
         Total | 100.0 | 100.0 |   0.1 |   4.4 |   5.4 | 162.2
       Dungeon | 100.0 | 100.0 |   0.1 |   4.4 |   5.4 | 162.2
               +-------+-------+-------+-------+-------+----------------------

Table legend:
 A = Kills in this place as a percentage of kills in entire the game.
 B = Kills by you in this place as a percentage of kills by you in the entire game.
 C = Kills by friends in this place as a percentage of kills by friends in the entire game.
 D = Other kills in this place as a percentage of other kills in the entire game.
 E = Experience gained in this place as a percentage of experience gained in the entire game.
 F = Experience gained in this place divided by the number of levels of this place that you have seen.
                   A       B       C       D       E      F
               +-------+-------+-------+-------+-------+----------------------
         Total | 100.0 | 100.0 |  -nan |  -nan | 100.0 |  21.0
       Dungeon | 100.0 | 100.0 |  -nan |  -nan | 100.0 |  21.0
               +-------+-------+-------+-------+-------+----------------------
